 Dungeon Crawl Stone Soup version 0.21.1-1-g345015fe64 (webtiles) character file.

28697 Lentor the Carver (level 13, -3/118 HPs)
             Began as a Purple Draconian Berserker on June 8, 2018.
             Was a Priest of Trog.
             Slain by an azure jelly (37 damage)
             ... on level 1 of the Pits of Slime.
             The game lasted 01:49:56 (21500 turns).

Lentor the Carver (Purple Draconian Berserker)     Turns: 21500, Time: 01:49:57

Health: -3/118     AC: 13    Str: 24    XL:     13   Next: 11%
Magic:  13/13      EV: 16    Int: 10    God:    Trog [***...]
Gold:   873        SH:  0    Dex: 10    Spells: 12/12 levels left

rFire    . . .     SeeInvis .   C - +5 long sword (drain)
rCold    . . .     Gourm    .   (no shield)
rNeg     . . .     Faith    .   (armour unavailable)
rPois    +         Spirit   .   h - +2 hat
rElec    .         Reflect  .   s - +1 cloak
rCorr    .         Harm     .   v - +0 pair of gloves
MR       +....                  (no boots)
Stlth    +++.......             (no amulet)
HPRegen  0.29/turn              x - ring of poison resistance
MPRegen  0.13/turn              y - +3 ring of strength

@: slowed, studying 3 skills, very slow
A: breathe power, unfitting armour, weak 1, cold-blooded, AC +8
a: Breathe Dispelling Energy, Berserk, Trog's Hand, Burn Spellbooks, Renounce
Religion


You were on level 1 of the Pits of Slime.
You worshipped Trog.
Trog was most pleased with you.
You were not hungry.

You visited 6 branches of the dungeon, and saw 21 of its levels.
You also visited: Labyrinth and Ossuary.

You collected 873 gold pieces.

Inventory:

Hand Weapons
 B - a +1 hunting sling of velocity
 C - a +5 long sword of draining (weapon)
Missiles
 o - 452 stones (quivered)
 P - 43 sling bullets
Armour
 h - a +2 hat (worn)
 s - a +1 cloak (worn)
 v - a +0 pair of gloves (worn)
Jewellery
 a - an uncursed ring of protection from magic
 c - the ring of Lyhyur {Ice rElec Str-5 Stlth+}
   (You found it on level 3 of the Lair of Beasts)

   [ring of ice]

   It enhances your ice magic.
   It affects your strength (-5).
   It makes you vulnerable to fire.
   It protects you from cold.
   It insulates you from electricity.
   It makes you more stealthy.
 g - an uncursed ring of see invisible
 l - an uncursed ring of ice
 w - a +6 ring of dexterity
 x - a ring of poison resistance (left hand)
 y - a +3 ring of strength (right hand)
 M - an uncursed ring of resist corrosion
 Y - an uncursed ring of fire
Wands
 G - a wand of acid (21)
 K - a wand of paralysis (15)
 Q - a wand of flame (26)
 T - a wand of clouds (4)
 V - a wand of iceblast (16)
 Z - a wand of disintegration (20)
Scrolls
 d - 8 scrolls of remove curse
 e - 4 scrolls of enchant armour
 f - 2 scrolls of magic mapping
 i - 8 scrolls of teleportation
 p - 17 scrolls of identify
 F - a scroll of enchant weapon
 N - 3 scrolls of fear
 X - 2 scrolls of amnesia
Potions
 j - a potion of heal wounds
 k - 3 potions of agility
 n - 4 potions of lignification
 r - 7 potions of curing
 t - 3 potions of haste
 u - a potion of cancellation
 z - 4 potions of flight {unknown}
 A - a potion of degeneration {unknown}
 E - a potion of invisibility
 H - 2 potions of berserk rage {unknown}
 I - a potion of might {unknown}
 L - a potion of magic {unknown}
 R - a potion of resistance {unknown}
 U - a potion of mutation {unknown}
Books
 m - a manual of Shields
 O - a manual of Throwing
 W - a manual of Unarmed Combat
Miscellaneous
 S - a lamp of fire (inert)
Comestibles
 b - 12 rations


   Skills:
 + Level 12.2 Fighting
 - Level 14.0 Long Blades
 + Level 3.6 Slings
 + Level 9.7 Dodging
 + Level 7.4 Stealth
 + Level 4.6 Unarmed Combat
 - Level 1.1 Evocations


You had 12 spell levels left.
You didn't know any spells.

Dungeon Overview and Level Annotations

Branches:
Dungeon (11/15)            Temple (1/1) D:5            Lair (5/6) D:10
  Swamp (0/4) Lair:4        Snake (1/4) Lair:3        Slime (1/5) Lair:5
    Orc (2/2) D:10
    Elf: Orc:2

Altars:
Ashenzari
Cheibriados
Dithmenos
Elyvilon
Fedhas
Gozag
Hepliaklqana
Kikubaaqudgha
Makhleb
Nemelex Xobeh
Okawaru
Qazlal
Ru
Sif Muna
Trog
Uskayaw
Vehumet
Wu Jian
Xom
Yredelemnul
Zin
The Shining One
Beogh
Jiyva

Annotations:
D:3 exclusion: downstairs
D:4 Grinder
D:8 exclusion: downstairs
Lair:2 Urug
Lair:4 exclusion: catoblepas
Orc:2 Donald


Innate Abilities, Weirdness & Mutations

You can breathe bolts of dispelling energy.
Your rich purple scales are hard. (AC +8)
You cannot fit into any form of body armour.
You are cold-blooded and may be slowed by cold attacks.
You are weak. (Str -2)


Message History

You feel weaker.
You slash the shining eye! You tail-slap the shining eye.
You punch the shining eye, but do no damage.
The shining eye is almost dead.
You slash the shining eye! You drain the shining eye!
You kill the shining eye!
Trog accepts your kill.
You climb downwards.
Welcome back to the Pits of Slime!
This branch is unnaturally silent, and so sound travels much further.
This branch contains the slimy rune of Zot.
The azure jelly hits you! The azure jelly freezes you!!!
You feel yourself slow down. The azure jelly hits you.
The azure jelly freezes you!!
You feel as though you will be slow longer.
* * * LOW HITPOINT WARNING * * *
The azure jelly barely misses you. The azure jelly closely misses you.
The azure jelly completely misses you. The azure jelly hits you.
* * * LOW HITPOINT WARNING * * *
The azure jelly freezes you!!!
You die...

..##.# .....##
......# ......#
....... .......
.......#.......
..........>....
#..............
........J...#.#
#......@.......
###............
#............
##......#....
#....... ...
......... ..
##......#.. .
###....#...


You could see an azure jelly.

Vanquished Creatures
  Nessos (Lair:4)
  2 hydras
  4 two-headed ogres
  Pikel (D:7)
  A shining eye (Lair:5)
  3 black mambas
  3 spiny frogs
  3 komodo dragons
  A kobold demonologist (D:9)
  2 trolls
  A polar bear (Lair:3)
  A tyrant leech (Lair:4)
  A hornet (D:10)
  7 hippogriffs
  12 blink frogs
  8 slime creatures
  Sigmund (D:6)
  3 spriggans (Lair:2)
  2 wyverns
  13 yaks
  2 basilisks
  A hungry ghost (D:10)
  Edmund (D:6)
  2 nagas (Lair:3)
  A swamp worm (Lair:4)
  7 water moccasins
  8 porcupines
  3 ice beasts
  3 orc warriors
  3 sky beasts (D:10)
  3 slaves (D:7)
  7 ogres
  A necrophage (D:6)
  12 wolves (Lair:3)
  4 crocodiles
  A centaur (D:7)
  A big kobold (D:9)
  An elf zombie (Ossuary)
  Blork the orc (D:4)
  15 bullfrogs
  A troll zombie (Ossuary)
  9 killer bees
  2 electric eels (Lair:4)
  8 wights
  A bullfrog zombie (D:7)
  6 crimson imps
  3 jellies
  7 orc priests
  7 hounds
  10 orc wizards
  A bullfrog skeleton (D:5)
  Jessica (D:3)
  2 iguanas
  Terence (D:3)
  3 worker ants
  4 ogre zombies (Ossuary)
  4 hound zombies
  7 mummies (Ossuary)
  Robin (D:3)
  7 gnolls
  A howler monkey skeleton (D:9)
  A worker ant zombie (D:9)
  6 adders
  A shadow imp (D:6)
  3 oozes
  3 adder zombies
  2 worms (D:4)
  3 dart slugs
  8 leopard geckos
  30 orcs
  4 giant cockroaches
  A gnoll zombie (Ossuary)
  11 hobgoblins
  11 jackals
  9 kobolds
  4 quokkas
  10 bats
  5 frilled lizards
  13 goblins
  4 goblin zombies (Ossuary)
  5 hobgoblin zombies (Ossuary)
  6 kobold zombies (Ossuary)
  A leopard gecko skeleton (D:8)
  An orc zombie (Ossuary)
  A quokka skeleton (D:5)
  4 quokka zombies (Ossuary)
  11 rats
  2 rat zombies (Ossuary)
  2 fungi (Lair:3)
  3 plants
398 creatures vanquished.

Vanquished Creatures (collateral kills)
  An orc warlord (Orc:1)
  A minotaur (Lab)
  The ghost of Tali the Cleaver, a novice MiFi of Trog (D:8)
  An elephant (D:10)
  Joseph (Lair:1)
  2 spiny frogs
  6 yaks
  A basilisk (D:10)
  An ice beast (D:9)
  A bullfrog (Lair:4)
  A gnoll (D:9)
17 creatures vanquished.

Vanquished Creatures (others)
  6 fungi
  4 plants (Lair:3)
10 creatures vanquished.

Grand Total: 425 creatures vanquished

Notes
Turn   | Place    | Note
-------+----------+-------------------------------------------
     0 | D:1      | Lentor the Draconian Berserker began the quest for the Orb.
     0 | D:1      | Reached XP level 1. HP: 19/19 MP: 1/1
    88 | D:1      | Reached XP level 2. HP: 18/26 MP: 2/2
   541 | D:1      | Reached XP level 3. HP: 30/33 MP: 3/3
   822 | D:1      | Reached ** piety under Trog
  1132 | D:2      | Found a faded altar of an unknown god.
  1283 | D:2      | Found a glowing silver altar of Zin.
  1283 | D:2      | Noticed an angel
  1454 | D:2      | Found a stormy altar of Qazlal.
  1522 | D:2      | Reached XP level 4. HP: 40/40 MP: 4/4
  1596 | D:2      | Found an iron altar of Okawaru.
  1640 | D:3      | Noticed Terence
  1649 | D:3      | Killed Terence
  1649 | D:3      | Reached skill level 4 in Long Blades
  1717 | D:3      | Noticed Jessica
  1719 | D:3      | Killed Jessica
  1721 | D:3      | Noticed an ice beast
  1736 | D:3      | Killed an ice beast
  1736 | D:3      | Reached skill level 5 in Long Blades
  1736 | D:3      | Reached skill level 1 in Stealth
  1736 | D:3      | Reached XP level 5. HP: 43/47 MP: 5/5
  1884 | D:3      | Found a snail-covered altar of Cheibriados.
  2341 | D:3      | Reached XP level 6. HP: 53/53 MP: 6/6
  2362 | D:3      | Noticed Robin
  2376 | D:3      | Killed Robin
  2573 | D:3      | Reached *** piety under Trog
  3022 | D:4      | Noticed a hippogriff
  3072 | D:3      | HP: 1/79 [hippogriff (7)]
  3073 | D:3      | Killed a hippogriff
  3073 | D:3      | Reached skill level 6 in Long Blades
  3073 | D:3      | Your scales start taking on a rich purple colour.
  3073 | D:3      | Reached XP level 7. HP: 2/60 MP: 7/7
  3363 | D:4      | Reached skill level 5 in Fighting
  3579 | D:4      | Noticed Blork the orc
  3591 | D:4      | Killed Blork the orc
  3604 | D:4      | Noticed Grinder
  3913 | D:4      | Found a shadowy altar of Dithmenos.
  4050 | D:4      | Found a burning altar of Makhleb.
  4060 | D:4      | Reached skill level 5 in Dodging
  4293 | D:5      | Entered Level 5 of the Dungeon
  4361 | D:5      | Found a shadowy altar of Dithmenos.
  4672 | D:5      | Found a staircase to the Ecumenical Temple.
  4684 | Temple   | Entered the Ecumenical Temple
  4815 | D:5      | Reached skill level 7 in Long Blades
  4815 | D:5      | Reached XP level 8. HP: 69/69 MP: 8/8
  4895 | D:5      | Found a sparkling altar of Nemelex Xobeh.
  4977 | D:5      | Reached **** piety under Trog
  5201 | D:6      | Noticed Edmund
  5219 | D:6      | Killed Edmund
  5265 | D:5      | Reached skill level 8 in Long Blades
  6160 | D:6      | Reached skill level 1 in Slings
  6168 | D:6      | Noticed Sigmund
  6216 | D:6      | Killed Sigmund
  6216 | D:6      | Reached XP level 9. HP: 76/76 MP: 9/9
  6396 | D:7      | Reached skill level 9 in Long Blades
  6409 | D:7      | Noticed a hand axe
  6410 | D:7      | Noticed a hand axe
  6410 | D:7      | Found a hide-covered altar of Uskayaw.
  6455 | D:7      | Noticed Pikel
  6483 | D:7      | Killed Pikel
  6703 | D:7      | Found a sacrificial altar of Ru.
  6966 | D:7      | Found a sand-covered staircase.
  6973 | Ossuary  | Entered an ossuary
  7486 | Ossuary  | Reached skill level 10 in Long Blades
  7504 | Ossuary  | Reached ***** piety under Trog
  7587 | D:8      | Noticed a two-headed ogre
  7600 | D:7      | Killed a two-headed ogre
  7686 | D:8      | Reached XP level 10. HP: 74/86 MP: 10/10
  7917 | D:8      | Noticed Tali's ghost (novice MiFi)
  8208 | D:8      | Killed Tali's ghost
  8377 | D:8      | Noticed a two-headed ogre
  8388 | D:8      | Killed a two-headed ogre
  8388 | D:8      | Reached skill level 11 in Long Blades
  9102 | D:8      | HP: 4/88 [yak (1)]
 10242 | D:9      | Reached skill level 12 in Long Blades
 10535 | D:10     | Entered Level 10 of the Dungeon
 10535 | D:10     | Noticed a two-headed ogre
 10538 | D:10     | Killed a two-headed ogre
 10538 | D:10     | Reached XP level 11. HP: 95/95 MP: 11/11
 10765 | D:10     | Found a staircase to the Lair.
 10938 | D:10     | Noticed a two-headed ogre
 10947 | D:10     | Killed a two-headed ogre
 11474 | D:10     | Found a staircase to the Orcish Mines.
 11911 | Orc:1    | Entered Level 1 of the Orcish Mines
 11918 | Orc:1    | Noticed an orc warlord
 11946 | Orc:1    | Killed an orc warlord
 12277 | Orc:1    | Found a roughly hewn altar of Beogh.
 12282 | Orc:1    | Reached skill level 13 in Long Blades
 12288 | Orc:1    | Reached skill level 5 in Stealth
 12327 | Orc:2    | Entered Level 2 of the Orcish Mines
 12327 | Orc:2    | Noticed Donald
 12327 | Orc:2    | Noticed an orc knight
 12327 | Orc:2    | Noticed an orc sorcerer
 12435 | Lair:1   | Entered Level 1 of the Lair of Beasts
 12758 | Lair:1   | Reached skill level 10 in Fighting
 12768 | Lair:1   | Noticed Joseph
 12778 | Lair:1   | Killed Joseph
 14659 | Lair:2   | Noticed Urug
 14996 | Lair:3   | Found a labyrinth entrance.
 15013 | Lab      | Entered a labyrinth
 15078 | Lab      | Noticed a minotaur
 15088 | Lab      | Killed a minotaur
 16081 | Lair:3   | Found a staircase to the Snake Pit.
 16095 | Lair:3   | Reached XP level 12. HP: 84/107 MP: 12/12
 16111 | Lair:3   | Received a gift from Trog
 16467 | Lair:3   | Noticed a four-headed hydra
 16476 | Lair:3   | Killed a six-headed hydra
 17062 | Lair:3   | Got a heavily runed bone ring
 17082 | Lair:3   | Reached skill level 14 in Long Blades
 17579 | Snake:1  | Entered Level 1 of the Snake Pit
 17579 | Snake:1  | Noticed an anaconda
 17792 | Lair:4   | Noticed a catoblepas
 17944 | Lair:4   | Noticed Nessos
 17975 | Lair:4   | Killed Nessos
 17975 | Lair:4   | Reached skill level 1 in Evocations
 18607 | Lair:4   | Reached skill level 1 in Unarmed Combat
 18624 | Lair:4   | Identified the ring of Lyhyur {Ice rElec Str-5 Stlth+} (You found it on level 3 of the Lair of Beasts)
 18712 | Lair:4   | Found a staircase to the Swamp.
 19774 | Lair:5   | Noticed a six-headed hydra
 19781 | Lair:5   | Killed a nine-headed hydra
 19782 | Lair:5   | Found a staircase to the Slime Pits.
 19787 | Lair:5   | Found a viscous altar of Jiyva.
 20479 | Lair:5   | Reached XP level 13. HP: 70/118 MP: 13/13
 20788 | Slime:1  | Entered Level 1 of the Pits of Slime
 20791 | Slime:1  | Noticed an azure jelly
 21496 | Lair:5   | Gained mutation: You are weak. (Str -2) [a shining eye]
 21500 | Slime:1  | Slain by an azure jelly

Skill      XL: |  1  2  3  4  5  6  7  8  9 10 11 12 |
---------------+-------------------------------------+-----
Dodging        | 3 4 5 6 7 8 9 |  9.7
Fighting       | 4 5 6 7 9 10 12 | 12.2
Long Blades    | 5 6 7 8 10 12 13 14 | 14.0
Stealth        | 1 2 3 4 5 7 |  7.4
Slings         | 1 2 3 |  3.6
Evocations     | 1 |  1.1
Unarmed Combat | 4 |  4.6

Action                   |  1- 3 |  4- 6 |  7- 9 | 10-12 | 13-15 || total
-------------------------+-------+-------+-------+-------+-------++-------
Melee: Falchion          |    91 |       |       |       |       ||    91
       Tailslap          |    12 |    21 |    76 |   113 |    20 ||   242
       Long sword        |    15 |   151 |   372 |   639 |    59 ||  1236
       Punch             |       |       |       |     1 |     5 ||     6
 Fire: Hunting sling     |       |       |     4 |     6 |       ||    10
Throw: Stone             |       |       |       |     1 |       ||     1
Invok: Berserk           |       |     2 |     3 |     3 |       ||     8
       Trog's Hand       |       |     2 |       |     3 |     2 ||     7
       Burn Spellbooks   |       |       |     1 |     2 |       ||     3
       Brothers in Arms  |       |       |       |    13 |       ||    13
 Abil: Breathe Dispellin |       |       |     1 |       |       ||     1
Evoke: Phantom mirror    |       |       |       |     1 |       ||     1
       Lamp of fire      |       |       |       |     1 |       ||     1
       Sack of spiders   |       |       |       |     1 |       ||     1
  Use: Scroll            |       |       |    10 |    11 |     2 ||    23
       Potion            |       |       |       |     2 |     1 ||     3
 Stab: Sleeping          |     1 |     1 |     8 |     6 |     1 ||    17
       Distracted        |       |       |       |     3 |       ||     3
  Eat: Ration            |     1 |     1 |     6 |    11 |       ||    19
       Chunk             |     1 |       |     2 |    13 |     3 ||    19
Armor: Skin              |    31 |    50 |    97 |   115 |    14 ||   307
Dodge: Dodged            |    59 |   136 |   191 |   376 |    40 ||   802
       Rpst.: Falchion   |    12 |       |       |       |       ||    12
       Long sword        |     6 |    35 |    55 |    99 |    11 ||   206
